 Dungeon Crawl Stone Soup version 0.25.0-9-g26727b657a (webtiles) character file.

Game seed: 14103722530127175853

2406 gruber the Whirler (level 9, -2/54 HPs)
             Began as a Halfling Hunter on June 16, 2020.
             Slain by an orc warrior
             ... wielding a +0 dire flail
              (12 damage)
             ... on level 7 of the Dungeon.
             The game lasted 00:12:02 (8137 turns).

gruber the Whirler (Halfling Hunter)                Turns: 8137, Time: 00:12:03

Health: -2/54      AC:  3    Str: 16    XL:     9   Next: 75%
Magic:  9/9        EV: 14    Int:  9    God:
Gold:   347        SH:  0    Dex: 15    Spells: 8/8 levels left

rFire    + . .     SeeInvis .   w - +2 dagger (venom)
rCold    + . .     Gourm    .   (shield restricted)
rNeg     . . .     Faith    .   c - +0 leather armour
rPois    .         Spirit   .   (no helmet)
rElec    .         Reflect  .   i - scarf {rC+ rF+}
rCorr    .         Harm     .   (no gloves)
MR       .....                  (no boots)
Stlth    +++.......             t - amulet of the acrobat
HPRegen  0.18/turn              (no ring)
MPRegen  0.11/turn              D - ring of stealth

@: no status effects
A: small, mutation resistance 1
a: no special abilities


You were on level 7 of the Dungeon.
You were not hungry.

You visited 2 branches of the dungeon, and saw 8 of its levels.

You collected 347 gold pieces.

Inventory:

Hand Weapons
 a - a +1 hunting sling
 b - a +2 dagger of speed
 w - a +2 dagger of venom (weapon)
Missiles
 d - 29 sling bullets
 h - 106 stones (quivered)
Armour
 c - a +0 leather armour (worn)
 i - a scarf of resistance (worn)
Jewellery
 q - an uncursed ring of ice
 t - an amulet of the acrobat (around neck)
 D - a ring of stealth (right hand)
Wands
 s - a wand of clouds (4)
 y - a wand of flame (8)
 B - a wand of random effects (34)
Scrolls
 e - 4 scrolls of identify
 j - 4 scrolls of teleportation
 k - a scroll of amnesia {unknown}
 n - 2 scrolls of magic mapping {unknown}
 o - 4 scrolls of enchant weapon {unknown}
 p - 3 scrolls of noise
 r - 2 scrolls of remove curse
 v - 2 scrolls of enchant armour {unknown}
 A - a scroll of immolation {unknown}
 E - a scroll of blinking {unknown}
Potions
 g - 2 potions of mutation
 l - 2 potions of lignification {unknown}
 m - 2 potions of curing {unknown}
 u - 2 potions of heal wounds {unknown}
 x - a potion of degeneration {unknown}
 z - a potion of brilliance {unknown}
Comestibles
 f - 7 rations
 C - 5 chunks of flesh


   Skills:
 - Level 1.7 Fighting
 + Level 17.1 Slings
 - Level 2.1 Dodging
 - Level 1.1 Stealth


You had 8 spell levels left.
You didn't know any spells.
Your spell library was empty.

Dungeon Overview and Level Annotations

Branches:
Dungeon (7/15)             Temple (1/1) D:4

Altars:
Ashenzari
Cheibriados
Dithmenos
Elyvilon
Fedhas
Gozag
Hepliaklqana
Kikubaaqudgha
Makhleb
Nemelex Xobeh
Qazlal
Ru
Sif Muna
Trog
Vehumet
Xom
Yredelemnul
Zin
The Shining One

Annotations:
D:2 Natasha
D:3 1 runed translucent door, Crazy Yiuf
D:5 2 transporters, lepoulpe303's ghost, novice DsAK


Innate Abilities, Weirdness & Mutations

You are small and have problems with some larger weapons.
You are somewhat resistant to further mutation.


Message History

The orc warrior hits you with a +0 dire flail!!
* * * LOW HITPOINT WARNING * * *
You closely miss the orc warrior.
The orc warrior is heavily wounded.
The orc wizard casts a spell.
The orc wizard flickers and vanishes!
Deactivating autopickup; reactivate with Ctrl-A.
You closely miss the orc warrior.
The orc warrior is heavily wounded.
The orc warrior barely misses you.
You closely miss the orc warrior.
The orc warrior is heavily wounded.
The orc warrior barely misses you.
You hit the orc warrior.
The orc warrior is poisoned.
The orc warrior is heavily wounded.
The orc warrior barely misses you.
You barely miss the orc warrior.
The orc warrior is heavily wounded.
The orc warrior hits you with a +0 dire flail!
You die...

##..#.##.#
##...#.##.#
#......##.#
#......##.#
#.#.#..##.#
#..#..###.#
#....####.#
#.........#
###@#####.# #o#
#{# #o# #(#
######.#####.#
#.............#
#.#####(.###.##
#.(#


You could see an orc warrior (very poisoned) and an orc wizard.

Vanquished Creatures
  A water moccasin (D:6)
  Duvessa (D:6)
  A sky beast (D:6)
  An ice beast (D:5)
  An orc warrior (D:6)
  3 ogres
  A phantom (D:4)
  A centaur (D:6)
  Blork the orc (D:6)
  3 bullfrogs
  Dowan (D:6)
  2 scorpions
  A crimson imp (D:7)
  A bullfrog zombie (D:7)
  A jelly (D:6)
  6 orc priests
  3 hounds
  6 orc wizards
  A bullfrog skeleton (D:7)
  A centaur skeleton (D:4)
  Jessica (D:3)
  An iguana (D:4)
  Terence (D:3)
  Natasha (D:2)
  4 worker ants
  A worker ant zombie (D:5)
  12 adders
  A gnoll (D:1)
  2 shadow imps
  An ooze (D:1)
  An adder zombie (D:5)
  An adder skeleton (D:4)
  4 worms
  3 dart slugs
  4 leopard geckos
  31 orcs
  2 ball pythons (D:3)
  6 giant cockroaches
  8 goblins
  10 hobgoblins
  5 jackals
  12 kobolds
  A quokka (D:2)
  9 bats
  6 frilled lizards
  2 quokka zombies
  14 rats
181 creatures vanquished.

Notes
Turn   | Place    | Note
-------+----------+-------------------------------------------
     0 | D:1      | gruber the Halfling Hunter began the quest for the Orb.
     0 | D:1      | Reached XP level 1. HP: 14/14 MP: 1/1
    57 | D:1      | Reached skill level 6 in Slings
    72 | D:1      | Reached XP level 2. HP: 19/19 MP: 2/2
   371 | D:1      | Reached skill level 7 in Slings
   371 | D:1      | Reached XP level 3. HP: 24/24 MP: 3/3
   869 | D:2      | Reached XP level 4. HP: 29/29 MP: 4/4
  1074 | D:2      | Reached skill level 8 in Slings
  1253 | D:2      | Noticed a moth of wrath
  1256 | D:2      | Found a bloodstained altar of Trog.
  1448 | D:2      | Noticed Natasha
  1453 | D:2      | Killed Natasha
  1453 | D:2      | Reached XP level 5. HP: 32/34 MP: 5/5
  1514 | D:2      | Noticed Natasha
  1628 | D:3      | Reached skill level 9 in Slings
  1741 | D:3      | Found a shimmering blue altar of Sif Muna.
  1753 | D:3      | Noticed Jessica
  1761 | D:3      | Killed Jessica
  1813 | D:3      | Reached XP level 6. HP: 30/39 MP: 6/6
  1918 | D:3      | Reached skill level 10 in Slings
  2394 | D:3      | Reached skill level 11 in Slings
  2394 | D:3      | Reached XP level 7. HP: 7/44 MP: 7/7
  2720 | D:3      | Found a runed translucent door.
  2721 | D:3      | Noticed Crazy Yiuf
  2864 | D:3      | Noticed Terence
  2876 | D:3      | Killed Terence
  2942 | D:3      | Noticed a shadow
  2943 | D:3      | Found a shadowy altar of Dithmenos.
  2944 | D:3      | Found a hazy altar of Hepliaklqana.
  3300 | D:4      | Reached skill level 12 in Slings
  3790 | D:4      | Reached XP level 8. HP: 46/49 MP: 8/8
  4390 | D:4      | Found a blossoming altar of Fedhas.
  4469 | D:4      | Found a staircase to the Ecumenical Temple.
  4487 | Temple   | Entered the Ecumenical Temple
  4595 | D:5      | Entered Level 5 of the Dungeon
  4603 | D:5      | Found a burning altar of Makhleb.
  4640 | D:5      | Reached skill level 13 in Slings
  4841 | D:5      | Found a transporter.
  4842 | D:5      | Noticed lepoulpe303's ghost (novice DsAK)
  4844 | D:5      | Identified the +3 dire flail "Zuutuk" {flame, *Corrode
                  | Str-2 Int+9 Stlth+}
  4889 | D:5      | Found a transporter.
  4943 | D:5      | Reached skill level 14 in Slings
  5153 | D:5      | Found a radiant altar of Vehumet.
  5155 | D:5      | Found a glowing silver altar of Zin.
  5174 | D:5      | Found a stormy altar of Qazlal.
  5463 | D:5      | Found a basalt altar of Yredelemnul.
  5542 | D:5      | Found a sparkling altar of Nemelex Xobeh.
  5679 | D:6      | Noticed Blork the orc
  5687 | D:6      | Killed Blork the orc
  5699 | D:6      | Noticed Dowan
  5699 | D:6      | Noticed Duvessa
  5725 | D:6      | Killed Duvessa
  5729 | D:6      | Killed Dowan
  5729 | D:6      | Reached skill level 15 in Slings
  5729 | D:6      | Reached XP level 9. HP: 7/54 MP: 9/9
  6806 | D:6      | Reached skill level 16 in Slings
  7939 | D:7      | Reached skill level 17 in Slings
  8137 | D:7      | Slain by an orc warrior

Illustrated notes

Levels and vault maps discovered:
D:1:      dpeg_arrival_erosion, layout_basic
D:2:      layout_basic, tgw_trog, first_ration, minmay_octomino_j4, uniq_natasha
D:3:      layout_basic, riverfiend_overflow_shadow_ancestor, led_sif_book,
          kennysheep_generic_room_15, uniq_terence, uniq_crazy_yiuf_cottage,
          uniq_jessica
D:4:      layout_basic, kennysheep_mini_moat, minmay_temple_entry_junction
D:5:      layout_loops_ring, nemelex_xobeh_ov_fountains_minmay,
          yredelemnul_altar_generic, grunt_temple_overflow_open,
          gammafunk_ghost_smash, basic_altar
D:6:      layout_loops_ring, uniq_blork_the_orc, uniq_duvessa
D:7:      layout_loops_ring
Temple:   dpeg_three_leaves_temple

Skill      XL: |  1  2  3  4  5  6  7  8  9 |
---------------+----------------------------+-----
Slings         | 6 7 8 9 11 12 15 17 | 17.1
Fighting       | |  1.7
Dodging        | |  2.1
Stealth        | |  1.1

Action                   |  1- 3 |  4- 6 |  7- 9 || total
-------------------------+-------+-------+-------++-------
Melee: Dagger            |       |       |    41 ||    41
 Fire: Hunting sling     |    77 |   199 |   491 ||   767
  Use: Scroll            |       |       |     4 ||     4
  Eat: Chunk             |       |     4 |    17 ||    21
Armor: Leather armour    |     4 |     7 |    14 ||    25
Dodge: Dodged            |     8 |    26 |    92 ||   126
